Map: Efflorescence LE

Players

Throwfordays

  • Race: Protoss Protoss
  • League: Bronze
  • Spawn Location: 9:00

Cthulhu

  • Race: Zerg Zerg
  • Spawn Location: 6:00

paujoevoo - Winner!

  • Race: Terran Terran
  • League: Gold
  • Spawn Location: 3:00

BboyHunnyBun - Winner!

  • Race: Zerg Zerg
  • Spawn Location: 12:00

VOD

Have the link to the VOD?

Description

Time

  • Played on: Jan. 31, 2019, 9:35 p.m.
  • Length: 13:25
Show
View Real Time Build Order
Export as new Build Order

Throwfordays Protoss 

Build Orders: Blink Stalkers 

Get SALT Encoding   

  12  0:01  Probe  
  13  0:13  Probe  
  14  0:19  Pylon  
  14  0:25  Probe  
  15  0:37  Probe  
  15  0:40  Gateway  
  16  0:49  Probe  
  17  0:57  Gateway  
  17  1:02  Assimilator  
  17  1:03  Probe  
  18  1:15  Probe  
  19  1:19  Assimilator  
  19  1:27  Cybernetics Core, Probe  
  20  1:33  Warp Gate  
  20  1:39  Probe  
  21  1:50  Pylon  
  21  1:51  Probe  
  22  2:03  Probe  
  23  2:14  Nexus  
  23  2:26  Stalker  
  25  2:31  Stalker  
  27  2:42  Pylon  
  27  2:47  Twilight Council  
  27  2:57  Forge  
  27  3:15  Probe  
  28  3:21  Pylon  
  28  3:23  Probe  
  29  3:28  Blink  
  29  3:32  Probe  
  30  3:42  Probe  
  30  3:44  Probe  
  32  3:51  Assimilator  
  32  3:55  Probe  
  33  3:56  Probe  
  33  3:57  Assimilator  
  33  4:00  Stalker  
  36  4:07  Probe  
  36  4:08  Stalker  
  39  4:13  Probe  
  40  4:19  Probe  
  41  4:31  Probe  
  42  4:33  Protoss Ground Weapons Level 1  
  42  4:37  Stalker x2  
  46  4:40  Gateway  
  46  4:42  Gateway  
  46  4:43  Probe  
  47  4:45  Probe  
  48  4:55  Probe  
  48  4:58  Probe  
  50  5:05  Gateway  
  50  5:07  Probe  
  50  5:10  Probe  
  52  5:19  Probe  
  53  5:22  Probe  
  53  5:28  Pylon  
  54  5:31  Probe  
  55  5:46  Gateway  
  55  5:49  Robotics Facility  
  55  5:51  Robotics Facility  
  55  5:53  Robotics Facility  
  55  6:01  Nexus  
  55  6:03  Pylon  
  55  6:05  Stalker x4  
  55  6:06  Stalker  
  65  6:16  Probe  
  66  6:28  Probe  
  67  6:37  Robotics Bay  
  67  6:45  Stalker x2  
  67  6:46  Stalker x3  
  71  8:18  Stalker x5  
  71  8:19  Stalker  
  83  8:21  Immortal x2  
  91  8:27  Pylon  
  91  8:29  Pylon  
  91  8:32  Assimilator, Probe  
  92  8:36  Probe  
  92  8:37  Assimilator  
  93  8:45  Probe, Immortal  
  93  8:48  Probe  
  99  8:56  Protoss Ground Weapons Level 2  
  99  8:57  Probe  
  99  9:00  Probe  
  101  9:07  Immortal  
  101  9:08  Immortal  
  109  9:17  Pylon  
  109  9:18  Pylon  
  109  9:20  Pylon  
  109  9:22  Pylon  
  109  9:25  Pylon x2  
  109  9:28  Pylon  
  109  9:32  Probe x2  
  102  9:44  Probe x2  
  66  10:09  Stalker  
  66  10:10  Stalker x5  
  61  10:41  Stalker x5  
  59  11:10  Stalker x5  
  59  11:37  Stalker x4  
  59  11:38  Stalker  
  59  11:39  Robotics Facility  
  63  11:43  Robotics Facility  
  18  12:46  Pylon  
  18  12:49  Pylon  
  18  12:59  Pylon x2  
  18  13:01  Pylon  
  18  13:02  Pylon, Probe  
  18  13:05  Probe  
  20  13:17  Templar Archives  
Show
View Real Time Build Order
Export as new Build Order

Cthulhu Zerg 

Build Orders: Hatch First 

Get SALT Encoding   

  12  0:02  Drone  
  13  0:08  Drone  
  14  0:36  Hatchery  
  14  0:41  Drone  
  14  0:47  Extractor, Drone  
  14  1:04  Overlord  
  14  1:13  Spawning Pool  
  14  1:16  Drone  
  14  1:23  Drone  
  15  1:35  Drone x2  
  17  1:40  Drone  
  18  1:55  Drone  
  18  2:00  Lair  
  19  2:03  Extractor  
  19  2:04  Drone  
  19  2:08  Drone  
  19  2:09  Drone  
  19  2:14  Drone  
  22  2:22  Drone x2  
  24  2:30  Drone  
  24  2:39  Extractor  
  24  2:41  Extractor  
  24  2:42  Drone x3  
  25  2:47  Queen  
  25  2:50  Zergling x2  
  28  3:09  Spire  
  27  3:14  Drone  
  27  3:15  Overlord  
  28  3:39  Drone x5  
  28  3:40  Drone  
  34  4:21  Mutalisk  
  34  4:23  Overlord  
  36  4:36  Zerg Flyer Weapons Level 1  
  36  4:46  Mutalisk x4  
  36  4:48  Overlord  
  44  5:06  Mutalisk x4  
  52  5:20  Overlord x2  
  52  5:37  Queen  
  54  5:44  Mutalisk x6  
  66  6:03  Overlord x3  
  66  6:04  Corruptor  
  68  6:15  Evolution Chamber  
  67  6:24  Overlord x2  
  67  6:27  Metabolic Boost  
  57  7:24  Mutalisk  
  57  7:25  Overlord x8  
  51  7:43  Zerg Flyer Weapons Level 2  
  51  7:47  Zergling x2  
  51  7:48  Drone x2  
  50  8:36  Corruptor  
  50  8:37  Corruptor x3, Mutalisk  
  50  8:38  Mutalisk  
  60  8:51  Mutalisk x2  
  64  9:07  Overseer  
  64  9:18  Hatchery  
  63  9:44  Infestation Pit  
  60  9:59  Zerg Flyer Armor Level 1  
  48  10:03  Mutalisk  
  48  10:04  Corruptor x2  
  48  10:05  Corruptor x2  
  48  10:06  Mutalisk  
  50  10:13  Spore Crawler  
  49  10:14  Spore Crawler  
  48  10:43  Drone  
  43  11:22  Hive  
  37  11:48  Zergling x2  
  37  11:49  Zergling x16  
  46  12:02  Mutalisk  
  46  12:04  Drone  
  46  12:05  Drone x6  
  26  12:44  Drone  
  26  12:45  Drone x5  
Show
View Real Time Build Order
Export as new Build Order

paujoevoo Terran - Winner!

Build Orders:  

Get SALT Encoding   

  12  0:01  SCV  
  13  0:15  Supply Depot  
  13  0:19  SCV  
  14  0:31  SCV  
  14  0:33  Refinery  
  15  0:45  Barracks  
  15  0:48  SCV  
  16  1:00  SCV  
  16  1:03  Refinery  
  17  1:13  SCV  
  18  1:24  Supply Depot  
  19  1:25  SCV  
  19  1:34  Barracks Reactor  
  19  1:37  SCV  
  20  1:49  SCV  
  21  2:00  Factory  
  21  2:10  Marine  
  21  2:11  Marine  
  21  2:13  SCV  
  24  2:22  Engineering Bay  
  24  2:25  SCV  
  25  2:37  SCV  
  25  2:39  Marine x2  
  28  2:47  Factory Tech Lab  
  28  2:49  SCV  
  29  2:54  Starport  
  29  3:01  SCV  
  29  3:04  Missile Turret  
  30  3:12  Supply Depot  
  30  3:13  SCV  
  31  3:25  Missile Turret  
  31  3:31  Starport Reactor  
  31  3:34  SCV, Siege Tank  
  31  3:41  Marine x2  
  36  3:42  Barracks  
  36  3:47  Terran Infantry Weapons Level 1  
  37  3:50  SCV  
  38  4:16  Command Center  
  38  4:29  Supply Depot  
  38  4:32  Barracks Reactor  
  38  4:39  Missile Turret  
  38  4:46  Orbital Command  
  38  4:50  Siege Tank  
  41  4:57  Marine x2  
  43  5:05  Supply Depot  
  43  5:08  Supply Depot  
  43  5:10  Medivac  
  43  5:13  Marine  
  46  5:16  Marine  
  47  5:26  Marine x2  
  49  5:31  Siege Tank  
  52  5:47  Medivac  
  54  5:51  Marine x2  
  56  6:02  Marine x2  
  58  6:06  Medivac  
  58  6:09  Marine x2  
  62  6:24  Marine x2  
  64  6:26  Medivac  
  64  6:27  Marine x2  
  64  6:28  Siege Tank  
  64  6:32  Terran Infantry Armor Level 1  
  71  6:42  Ghost Academy  
  61  7:14  Siege Tank  
  64  7:16  Marine x4  
  64  7:18  Personal Cloaking  
  68  7:29  Barracks  
  68  7:33  Armory  
  68  7:34  Marine  
  69  7:42  Marine  
  69  7:44  Marine x2  
  72  7:51  Marine  
  73  7:59  Marine  
  73  8:01  Marine  
  75  8:11  Siege Tank  
  78  8:21  Barracks Tech Lab  
  78  9:13  Supply Depot  
  78  9:18  Marine x5, SCV, Siege Tank  
  78  9:19  Stimpack  
  87  9:30  SCV  
  88  9:42  SCV  
  80  9:54  SCV  
  71  10:05  Siege Tank  
  71  10:07  Marine x3, SCV  
  68  10:08  Marine x2  
  73  10:21  Terran Infantry Weapons Level 2  
  73  10:25  Marine x2  
  73  10:27  SCV  
  76  10:31  Refinery  
  76  10:36  Refinery  
  76  10:37  Siege Tank  
  76  10:58  Combat Shield  
  76  11:00  Medivac x2  
  75  11:15  Siege Tank  
  78  11:30  Medivac x2  
  80  11:53  Siege Tank  
  83  11:56  Marine x4  
  87  12:01  Ghost  
  89  12:14  Marine x4  
  92  12:31  Marine x2  
  92  12:32  Marine x2  
  92  12:35  Marine  
  97  12:37  Medivac x2  
  101  12:49  Marine x3  
  101  12:50  Marine  
  105  12:53  Marine  
Show
View Real Time Build Order
Export as new Build Order

BboyHunnyBun Zerg - Winner!

Build Orders: Hatch First 

Get SALT Encoding   

  12  0:02  Drone  
  13  0:13  Overlord  
  13  0:18  Drone  
  14  0:32  Drone x2  
  14  0:35  Drone  
  17  0:56  Drone  
  18  1:00  Hatchery  
  17  1:08  Drone x2  
  19  1:12  Extractor  
  18  1:21  Spawning Pool  
  18  1:22  Drone  
  18  1:38  Drone  
  19  1:51  Drone x2  
  21  2:09  Drone  
  21  2:11  Extractor  
  21  2:22  Drone  
  22  2:25  Lair  
  22  2:26  Drone x2  
  22  2:27  Queen  
  26  2:31  Drone  
  26  2:35  Drone  
  28  2:45  Hatchery  
  28  2:46  Drone  
  28  2:48  Overlord  
  28  3:00  Overlord  
  28  3:11  Drone x2  
  30  3:13  Drone x2  
  32  3:23  Spire  
  32  3:24  Drone  
  32  3:28  Extractor  
  31  3:39  Drone x5  
  36  3:42  Drone x2  
  38  3:49  Queen  
  38  3:54  Overlord  
  40  3:59  Drone  
  40  4:00  Drone  
  40  4:02  Drone  
  43  4:08  Drone x2  
  45  4:15  Extractor  
  44  4:22  Drone x4  
  48  4:27  Queen  
  50  4:42  Overlord x2  
  50  4:43  Overlord  
  50  4:46  Spine Crawler  
  50  4:49  Spine Crawler  
  48  4:53  Overlord x2  
  48  4:54  Overlord  
  48  4:58  Drone x2  
  50  5:06  Hydralisk Den  
  49  5:09  Drone x5  
  49  5:10  Drone x3  
  57  5:21  Mutalisk  
  57  5:22  Mutalisk  
  57  5:23  Mutalisk  
  57  5:27  Mutalisk x3  
  69  5:35  Extractor  
  68  5:38  Extractor  
  68  5:41  Hydralisk  
  68  5:42  Hydralisk x3  
  75  5:45  Hydralisk  
  77  5:52  Spine Crawler  
  71  6:14  Spore Crawler  
  71  6:17  Spore Crawler  
  69  6:20  Spore Crawler  
  69  6:21  Mutalisk x5  
  69  6:22  Spore Crawler, Mutalisk  
  79  6:27  Drone x2  
  79  6:28  Drone  
  79  6:29  Drone x2  
  80  6:55  Mutalisk x3  
  86  7:07  Spore Crawler  
  74  7:36  Mutalisk x5  
  72  8:23  Mutalisk x5  
  79  8:51  Mutalisk x2  
  79  8:55  Overlord x3  
  83  8:57  Zerg Flyer Weapons Level 1  
  83  9:03  Spore Crawler  
  83  9:07  Spore Crawler  
  83  9:09  Drone  
  83  9:10  Spore Crawler, Drone x2  
  83  9:21  Drone  
  83  9:22  Drone  
  81  10:17  Mutalisk x4  
  81  10:18  Mutalisk x4  
  97  10:39  Mutalisk x2  
  101  10:53  Mutalisk x2  
  103  11:24  Mutalisk x2  
  107  11:27  Overlord x3  
  107  11:28  Overlord  
  105  11:48  Mutalisk  
  105  11:49  Mutalisk x2  
  84  12:46  Mutalisk x5  
  78  13:03  Evolution Chamber  
  77  13:24  Evolution Chamber  
Tags
 
Add a new tag
Caveats
  • Supply blocks, unpowered buildings, or Contaminate may cause inaccurate times.
  • Supply counts are checked every 10 seconds.